cohdb
Replays
Latest Replays
All Replays
Popular Replays
Top Player Replays
Match Explorer
How It Works
Community
CoH3 Stats
Reddit
Sign in to upload your games and track your stats! →
Sign in with Steam
Match 41459111
Unlisted
Match 41459111
Overview
Messages
Build Orders
End
Construct Section Command Post
Infantry Section
Infantry Section
ML 3-inch Mortar Team
Infantry Section
Infantry Section
Construct Field Infirmary
Grenade Package
Construct Platoon Command Post
Humber Armored Car
Vickers Machine Gun Team
Light Vehicle Training
Selects Indian Artillery Battlegroup
Selects Artillery Saturation
Selects Off-map Airburst Barrage
Selects BL5.5 Artillery Emplacement
6-pounder Anti-tank Gun Team
Selects Valour
6-pounder Anti-tank Gun Team
Selects Gurkha Rifles Section
Infantry Section
W
3rdDUI
KevinTDW
~长枪他妈被我当狗日~
0
0
Comments
sign in to comment!
No comments posted yet!